 Dungeon Crawl Stone Soup version 0.28.0-53-g5a82cb258f (webtiles) character file.

Game seed: 16462515767037818996

147037 olmar the Tortoise (level 17, 0/112 HPs)
             Began as a Gargoyle Fighter on Aug 10, 2022.
             Was an Initiate of Gozag.
             Slain by a balrug
             ... wielding a +1 demon whip of flaming
              (15 damage)
             ... on level 2 of the Abyss on Aug 11, 2022.
             The game lasted 01:11:02 (31667 turns).

olmar the Tortoise (Gargoyle Fighter)              Turns: 31667, Time: 01:11:03

Health: 0/112      AC: 35    Str: 27    XL:     17   Next: 45%
Magic:  17/17      EV:  8    Int: 10    God:    Gozag
Gold:   4450       SH:  0    Dex: 13    Spells: 16/16 levels left

rFire   + + +      SeeInvis .   W - +4 dire flail
rCold   + . .      Faith    .   (shield currently unavailable)
rNeg    + + .      Spirit   .   f - +0 gold dragon scales
rPois   ∞          Reflect  .   (no helmet)
rElec   +          Harm     .   (no cloak)
rCorr   +          Rampage  .   (no gloves)
Will    ++...                   J - +0 pair of boots
Stlth   ..........              e - amulet of regeneration
HPRegen 1.08/turn               l - ring of willpower
MPRegen 0.15/turn               M - ring of Udillag {Fire rN+ Dex+6}

@: mighty, resistant, flying, hasted, invisible, very quick
A: sickness immunity, AC +12, big wings, negative energy resistance 1,
electricity resistance, torment resistance 1, petrification resistance, clumsy 1
a: Renounce Religion, Potion Petition, Call Merchant, Bribe Branch


You were on level 2 of the Abyss.
You worshipped Gozag.
Gozag was most pleased with you.
You visited 5 branches of the dungeon, and saw 25 of its levels.
You visited the Abyss 1 time.
You also visited: Sewer and Ossuary.

You collected 7951 gold pieces.
You spent 2228 gold pieces at shops.
You paid 1273 gold pieces to Gozag.

Inventory:

Hand Weapons
 m - a +0 morningstar
 p - a +2 great mace
 D - a +2 whip of electrocution
 E - a +2 mace of holy wrath
 K - a +2 vampiric whip
 W - a +4 dire flail (weapon)
Armour
 c - a +0 buckler
 f - +0 gold dragon scales (worn)
 J - a +0 pair of boots (worn)
Jewellery
 e - an amulet of regeneration (around neck)
 g - a ring of ice
 j - a +4 ring of protection
 k - a ring of ice
 l - a ring of willpower (left hand)
 C - a ring of fire
 M - the ring of Udillag (right hand) {Fire rN+ Dex+6}
   (You found it on level 9 of the Dungeon)

   [ring of fire]

   It enhances your fire magic.
   Dex:       It affects your dexterity (+6).
   rF:        It protects you from fire.
   rC:        It makes you vulnerable to cold.
   rN:        It protects you from negative energy.
 N - the ring of Nuic {Wiz rElec rPois Int+6}
   (You found it on level 14 of the Dungeon)

   [ring of wizardry]

   It improves your spell success rate.
   Int:       It affects your intelligence (+6).
   rElec:     It insulates you from electricity.
   rPois:     It protects you from poison.
 Y - an amulet of reflection
 Z - a +6 ring of dexterity
Wands
 v - a wand of polymorph (2)
 L - a wand of digging (5)
 S - a wand of flame (13) (quivered)
 U - a wand of charming (4)
 V - a wand of iceblast (4)
Scrolls
 d - a scroll of teleportation
 h - 2 scrolls of noise
 r - 6 scrolls of magic mapping
 t - 2 scrolls of identify
 w - 2 scrolls of enchant weapon
 y - 2 scrolls of vulnerability
 A - 4 scrolls of fog
 H - a scroll of torment
 I - 3 scrolls of blinking
 O - 5 scrolls of immolation
 R - 2 scrolls of fear
 X - 2 scrolls of enchant armour
Potions
 a - 2 potions of berserk rage
 b - 2 potions of lignification
 n - 5 potions of resistance
 o - 10 potions of curing
 q - 2 potions of degeneration
 s - 4 potions of cancellation
 u - 4 potions of haste
 x - 5 potions of brilliance
 z - a potion of mutation
 B - a potion of magic
 F - 7 potions of attraction
 G - 7 potions of flight {unknown}
 P - 2 potions of ambrosia {unknown}
 T - 2 potions of might
Miscellaneous
 Q - a lightning rod (4/4)


   Skills:
 + Level 14.7 Fighting
 + Level 0.8(1.0) Short Blades
 + Level 0.8(1.0) Long Blades
 + Level 0.4(9.4) Axes
 + Level 15.7(15.8) Maces & Flails
 + Level 0.4(0.8) Polearms
 + Level 0.6(10.3) Staves
 + Level 0.4(0.6) Slings
 + Level 0.5 Bows
 + Level 0.5 Crossbows
 + Level 0.4(0.6) Throwing
 + Level 16.0 Armour
 + Level 6.4 Dodging
 + Level 7.5 Stealth
 + Level 13.5 Shields
 + Level 1.4 Unarmed Combat
 + Level 0.4 Spellcasting
 + Level 0.6 Conjurations
 + Level 0.4 Hexes
 + Level 0.8 Summonings
 + Level 0.6 Necromancy
 + Level 0.4 Translocations
 + Level 0.3 Transmutations
 + Level 0.5 Fire Magic
 + Level 0.5 Ice Magic
 + Level 0.3 Air Magic
 + Level 0.7 Earth Magic
 + Level 0.5 Poison Magic
 + Level 0.6 Invocations
 + Level 3.3 Evocations


You had 16 spell levels left.
You didn't know any spells.
Your spell library contained the following spells:

 Spells                   Type           Power      Damage    Failure   Level
 Slow                     Hex            4%         N/A       99%         1
 Sting                    Tmut/Pois      4%         1d3       99%         1
 Blink                    Tloc           2%         N/A       100%        2
 Corpse Rot               Necr/Air       2%         N/A       100%        2
 Poisonous Vapours        Pois/Air       2%         N/A       100%        2
 Static Discharge         Conj/Air       1%         N/A       100%        2
 Confusing Touch          Hex            1%         N/A       100%        3
 Dazzling Flash           Conj/Hex       2%         N/A       100%        3
 Gell's Gravitas          Tloc           1%         N/A       100%        3
 Lesser Beckoning         Tloc           1%         N/A       100%        3
 Mephitic Cloud           Conj/Pois/Air  1%         N/A       100%        3
 Teleport Other           Tloc           1%         N/A       100%        3
 Vampiric Draining        Necr           1%         2d6       100%        3
 Dispel Undead            Necr           1%         3d6       100%        4
 Petrify                  Tmut/Erth      1%         N/A       100%        4
 Summon Lightning Spire   Summ/Air       1%         N/A       100%        4
 Agony                    Necr           1%         N/A       100%        5
 Iskenderun's Battlesphe  Conj           1%         2d6       100%        5
 Lightning Bolt           Conj/Air       0%         1d11      100%        5
 Manifold Assault         Tloc           1%         N/A       100%        5
 Metabolic Englaciation   Hex/Ice        0%         N/A       100%        5
 Silence                  Hex/Air        0%         N/A       100%        5
 Summon Forest            Summ/Tloc      0%         N/A       100%        5
 Summon Mana Viper        Hex/Summ       1%         N/A       100%        5
 Conjure Ball Lightning   Conj/Air       0%         3x3d6     100%        6
 Death Channel            Necr           0%         N/A       100%        6
 Iron Shot                Conj/Erth      0%         9d1       100%        6
 Summon Cactus Giant      Summ           0%         N/A       100%        6
 Malign Gateway           Summ/Tloc      0%         N/A       100%        7
 Spellforged Servitor     Conj/Summ      0%         N/A       100%        7
 Storm Form               Tmut/Air       0%         N/A       100%        7
 Discord                  Hex            0%         N/A       100%        8
 Disjunction              Tloc           0%         N/A       100%        8
 Maxwell's Capacitive Co  Air            0%         ∞         100%        8
 Summon Horrible Things   Summ           0%         N/A       100%        8
 Statue Form              Tmut/Erth      Unusable   N/A       N/A         6

Dungeon Overview and Level Annotations

Branches:
Dungeon (15/15)            Temple (1/1) D:4            Lair (6/6) D:8
  Swamp (0/4) Lair:3       Spider (0/4) Lair:2        Slime (0/5) Lair:5
    Orc (2/2) D:11            Elf (1/3) Orc:2        Vaults (0/5) D:13
 Depths (0/4) D:15          Sewer (visited)         Ossuary (visited)

Altars:
Ashenzari
Cheibriados
Dithmenos
Elyvilon
Fedhas
Gozag
Hepliaklqana
Kikubaaqudgha
Makhleb
Nemelex Xobeh
Okawaru
Qazlal
Ru
Sif Muna
Trog
Uskayaw
Vehumet
Wu Jian
Xom
Yredelemnul
Zin
The Shining One
Jiyva

Shops:
D:2 (   D:5 *   D:12 *   D:13 !   D:14 [   Orc:2 **:*


Innate Abilities, Weirdness & Mutations

You are immune to sickness and miasma.
Your stone body is resilient. (AC +12)
You are immune to poison.
Your large and strong wings let you fly.
You resist negative energy. (rN+)
You are resistant to electric shocks. (rElec)
You are resistant to unholy torment.
You are immune to petrification.
You are clumsy. (Dex -2)


Message History

Unknown command.
You feel much better. The sun demon hits you.
You are engulfed in flames.
You resist.
The balrug hits you with a +1 demon whip of flaming!
You are engulfed in flames.
You resist.
You bludgeon the balrug!!
The balrug is severely wounded.
You hear a shout!
Unknown command.
You feel much better. The sun demon hits you!
You are engulfed in flames.
You resist. The sun demon barely misses you. The balrug closely misses you.
Unknown command.
You feel protected.
The sun demon hits you but does no damage.
The sun demon hits you!
* * * LOW HITPOINT WARNING * * *
You are engulfed in flames.
You resist.
* * * LOW HITPOINT WARNING * * *
A sun demon comes into view.
The balrug hits you with a +1 demon whip of flaming.
* * * LOW HITPOINT WARNING * * *
You are engulfed in flames.
You resist.
* * * LOW HITPOINT WARNING * * *
Unknown command.
Unknown command.
Okay, then. [a] - 406 gold - resistance and might [b] - 216 gold - might and brilliance [c] - 616 gold - resistance, invisibility and might Purchase which effect?
You feel protected.
You fade into invisibility!
You feel very mighty all of a sudden. The sun demon hits you.
* * * LOW HITPOINT WARNING * * *
You are engulfed in flames.
You resist.
* * * LOW HITPOINT WARNING * * *
The sun demon barely misses you.
The balrug hits you with a +1 demon whip of flaming!
You die...
Your body crumbles into a pile of gold.

#. ... #. .. ....+.
#.... ...#'###
.'...
........####'#....#
.......≈..........#
..................#
........3#.......#
........@2....... #
....##'#.3....... #
. #. ###≈.#####. ##
. #. #..3#.†
....##. . . #... .
. .. . .##..# .. #.
.#. .# ..# . . # .
. # ..##. #. . #.#
.. .. ..#


You could see a balrug and 3 sun demons.

Vanquished Creatures
  A sphinx (D:12)
  An ironbound preserver (D:13)
  A yaktaur captain (D:12)
  A fire dragon (Lair:6)
  8 hydras
  The ghost of safid the Spear-Bearer, a journeyman HOFi of Beogh (D:10)
  4 boulder beetles
  A hydra (shapeshifter) (D:12)
  2 catoblepae
  12 centaur warriors
  7 two-headed ogres
  7 death yaks
  7 orc high priests
  4 hell hogs (Abyss:2)
  4 tengu warriors
  2 thrashing horrors (Abyss:2)
  A sun demon (Abyss:2)
  Nergalle (Lair:1)
  Sonja (D:11)
  3 skeletal warriors (D:15)
  2 deep trolls (D:15)
  2 deep elf archers
  A lindwurm (Lair:6)
  A wizard (D:15)
  A swamp dragon (Lair:3)
  A glowing orange brain (Abyss:2)
  11 orc knights
  Pikel (D:5)
  4 deep elf pyromancers
  A large abomination (Abyss:2)
  2 wolf spiders (D:14)
  The ghost of turdburglar the Covered, a novice DsFi (D:5)
  5 deep elf zephyrmancers (Elf:1)
  3 ugly things
  2 orc sorcerers (Orc:2)
  7 cyclopes
  A worldbinder (Abyss:2)
  Maurice (Orc:2)
  14 elephants (Lair:6)
  2 manticores
  8 black mambas
  A salamander (shapeshifter) (D:14)
  Joseph (D:10)
  A black mamba (shapeshifter) (D:14)
  A smoke demon (Abyss:2)
  2 molten gargoyles (Lair:6)
  2 gargoyles
  A torpor snail (Lair:2)
  18 cane toads
  An orange demon (Abyss:2)
  3 rime drakes
  A demonic crawler (Lair:2)
  A tengu conjurer (D:15)
  10 komodo dragons
  2 yaktaurs
  3 meliai (D:14)
  7 trolls
  7 polar bears
  9 blink frogs (Lair:6)
  3 hornets
  5 slime creatures (D:12)
  2 dream sheep (D:10)
  A centaur simulacrum (D:15)
  An air elemental (Elf:1)
  3 spriggans (D:10)
  38 yaks
  4 wraiths
  A yak (shapeshifter) (D:13)
  2 vampires
  5 wyverns
  A ynoxinul (Abyss:2)
  8 basilisks
  A human (D:11)
  A golden eye (shapeshifter) (D:15)
  8 vampire mosquitoes
  5 steam dragons
  7 wargs
  A swamp worm (D:14)
  2 acid dragons
  18 water moccasins
  4 hell hounds (Lair:6)
  A floating eye (shapeshifter) (D:15)
  A hornet zombie (D:8)
  2 sky beasts
  2 black bears
  50 orc warriors
  A boggart (D:14)
  10 ogres
  10 centaurs
  10 wolves
  5 kobold brigands
  Blork the orc (D:5)
  12 bullfrogs
  5 scorpions
  A water moccasin zombie (D:5)
  A wyvern skeleton (D:6)
  5 earth elementals
  A water moccasin skeleton (D:6)
  22 killer bees
  5 howler monkeys
  3 electric eels (D:8)
  5 lava snakes (Lair:6)
  A quasit (Abyss:2)
  2 centaur zombies (D:10)
  2 jellies
  31 orc priests
  2 gnoll shamans (D:9)
  9 hounds
  2 iguanas
  An iron imp (Abyss:2)
  Ijyb (D:4)
  Natasha (thrice) (D:4)
  27 orc wizards
  A bullfrog simulacrum (D:5)
  8 mummies (Ossuary)
  A howler monkey zombie (D:9)
  4 gnolls (D:9)
  A river rat (D:5)
  10 adders
  A howler monkey skeleton (D:6)
  2 white imps
  A howler monkey simulacrum (D:5)
  A worm (Lair:1)
  4 dart slugs
  2 adder simulacra (D:5)
  95 orcs
  6 endoplasms
  5 giant cockroaches
  A gnoll zombie (Ossuary)
  11 goblins
  7 hobgoblins
  26 kobolds
  A quokka (D:1)
  4 ball pythons
  9 bats
  3 hobgoblin zombies (Ossuary)
  3 kobold zombies (Ossuary)
  An orc zombie (Ossuary)
  12 rats
786 creatures vanquished.

Vanquished Creatures (collateral kills)
  An elephant (Lair:6)
  A komodo dragon (Lair:6)
  A snapping turtle (Lair:3)
  A water moccasin (Lair:6)
4 creatures vanquished.

Vanquished Creatures (others)
  A dancing weapon (Elf:1)
  A cane toad (Lair:5)
  A hornet (D:10)
  A wyvern (Lair:6)
  A wraith (D:10)
  2 iguanas (Lair:3)
  3 bushes (Abyss:2)
  5 demonic plants (Abyss:2)
  25 fungi
  52 plants
92 creatures vanquished.

Grand Total: 882 creatures vanquished

Notes
Turn   | Place    | Note
-------+----------+-------------------------------------------
     0 | D:1      | olmar the Gargoyle Fighter began the quest for the Orb.
     0 | D:1      | Reached XP level 1. HP: 14/14 MP: 1/1
   102 | D:1      | Reached XP level 2. HP: 18/19 MP: 2/2
   529 | D:1      | Reached XP level 3. HP: 24/24 MP: 3/3
  1129 | D:2      | Found a snail-covered altar of Cheibriados.
  1134 | D:2      | Found Pior's Antique Weapon Shoppe.
  1237 | D:2      | Reached skill level 4 in Armour
  1237 | D:2      | Reached XP level 4. HP: 27/29 MP: 4/4
  1783 | D:3      | Reached XP level 5. HP: 33/33 MP: 5/5
  1935 | D:4      | Found a staircase to the Ecumenical Temple.
  1955 | Temple   | Entered the Ecumenical Temple
  2179 | D:4      | Found a sparkling altar of Nemelex Xobeh.
  2185 | D:4      | Noticed an ogre
  2250 | D:4      | Killed an ogre
  2323 | D:4      | Noticed Natasha
  2328 | D:4      | Killed Natasha
  2329 | D:4      | Reached XP level 6. HP: 38/38 MP: 6/6
  2369 | D:4      | Noticed Ijyb
  2371 | D:4      | Noticed Natasha
  2384 | D:4      | Killed Ijyb
  2391 | D:4      | Killed Natasha
  2453 | D:4      | Reached skill level 1 in Dodging
  2458 | D:4      | Found a hazy altar of Hepliaklqana.
  2564 | D:4      | Noticed Natasha
  2582 | D:4      | Killed Natasha
  2698 | D:5      | Entered Level 5 of the Dungeon
  2698 | D:5      | Found a runed translucent gate.
  2698 | D:5      | Found a runed translucent gate.
  2698 | D:5      | Found a runed translucent gate.
  2746 | D:5      | Noticed turdburglar's ghost (novice DsFi)
  2777 | D:5      | Reached XP level 7. HP: 44/44 MP: 7/7
  2801 | D:5      | Noticed Pikel
  2806 | D:5      | Killed Pikel
  2807 | D:5      | Reached skill level 5 in Fighting
  2807 | D:5      | Reached skill level 5 in Maces & Flails
  2807 | D:5      | Reached skill level 5 in Armour
  2807 | D:5      | Reached skill level 1 in Unarmed Combat
  2807 | D:5      | Reached XP level 8. HP: 49/49 MP: 8/8
  2962 | D:5      | Noticed Blork the orc
  2974 | D:5      | Killed Blork the orc
  3269 | D:5      | Found a glowing drain.
  3299 | Sewer    | Entered a sewer
  3404 | Sewer    | Reached skill level 6 in Armour
  3594 | D:5      | Found Nychuukyin's Serpentskin Sales.
  3611 | D:5      | Reached skill level 5 in Shields
  4156 | D:5      | Killed turdburglar's ghost
  4157 | D:5      | Reached skill level 1 in Stealth
  4157 | D:5      | Reached XP level 9. HP: 37/55 MP: 9/9
  4267 | D:5      | Reached skill level 7 in Armour
  4920 | D:6      | Reached skill level 8 in Armour
  5314 | D:7      | Reached XP level 10. HP: 28/61 MP: 10/10
  5414 | D:7      | Reached skill level 9 in Armour
  5918 | D:8      | Found a sand-covered staircase.
  5922 | Ossuary  | Entered an ossuary
  6205 | D:8      | Found a staircase to the Lair.
  6474 | D:9      | Found an opulent altar of Gozag.
  6571 | D:9      | Noticed a centaur warrior
  6589 | D:9      | Killed a centaur warrior
  6606 | D:9      | Noticed a two-headed ogre
  6655 | D:9      | Killed a two-headed ogre
  6656 | D:9      | Reached skill level 10 in Maces & Flails
  6656 | D:9      | Reached skill level 10 in Armour
  6656 | D:9      | Reached XP level 11. HP: 60/67 MP: 11/11
  6686 | D:9      | Found a glowing silver altar of Zin.
  6766 | D:9      | Found a glowing golden altar of the Shining One.
  6772 | D:9      | Found a hide-covered altar of Uskayaw.
  6791 | D:9      | Identified the ring of Udillag {Fire rN+ Dex+6}
  6914 | D:9      | Noticed a red ugly thing
  6949 | D:9      | Killed a red ugly thing
  7441 | D:10     | Entered Level 10 of the Dungeon
  7503 | D:9      | Became a worshipper of Gozag Ym Sagoz the Greedy
  7746 | D:8      | Reached skill level 1 in Evocations
  7803 | D:8      | Found a sacrificial altar of Ru.
  8513 | D:10     | Found the +8 autumn katana {vorpal, manifold assault}
  8555 | D:10     | Noticed a two-headed hydra
  8571 | D:10     | Killed a two-headed hydra
  8657 | D:10     | Found a runed translucent door.
  8660 | D:10     | Noticed safid's ghost (journeyman HOFi)
  8661 | D:10     | Noticed a spriggan rider
  8662 | D:10     | Identified the +11 trident of Collusion {flame, rF+ rCorr
                  | Str+3}
  8678 | D:10     | Noticed Joseph
  8710 | D:10     | Killed Joseph
  9013 | D:11     | Noticed Sonja
  9015 | D:11     | Killed Sonja
  9016 | D:11     | Reached skill level 11 in Armour
  9055 | D:11     | Reached XP level 12. HP: 68/75 MP: 12/12
  9538 | D:10     | Killed safid's ghost
 10497 | D:11     | Found a staircase to the Orcish Mines.
 10971 | D:12     | Noticed a boulder beetle
 11013 | Orc:1    | Entered Level 1 of the Orcish Mines
 11160 | D:12     | Noticed a sphinx
 11161 | D:12     | Noticed a yaktaur captain
 11187 | D:12     | Paralysed by a sphinx for 5 turns
 11203 | D:12     | Killed a sphinx
 11208 | D:12     | Killed a yaktaur captain
 11325 | D:12     | Found Gozag's Platinum Reserve.
 11378 | D:12     | Found an opulent altar of Gozag.
 11870 | D:12     | Noticed a fire dragon
 11889 | D:12     | Noticed a six-headed hydra
 11889 | D:12     | a fire dragon changed into a six-headed hydra
 11894 | D:12     | Killed a six-headed hydra
 11908 | D:12     | Killed a boulder beetle
 12238 | D:12     | Reached skill level 5 in Stealth
 12273 | D:12     | Noticed a two-headed ogre
 12328 | D:12     | Killed a two-headed ogre
 12329 | D:12     | Reached skill level 12 in Armour
 13276 | D:11     | Reached skill level 10 in Fighting
 13284 | D:11     | Reached XP level 13. HP: 82/82 MP: 13/13
 13585 | Lair:1   | Entered Level 1 of the Lair of Beasts
 13758 | Lair:1   | Noticed Nergalle
 13790 | Lair:1   | Killed Nergalle
 14155 | Lair:1   | Reached skill level 10 in Shields
 14567 | Lair:2   | Found a hole to the Spider Nest.
 16131 | Lair:3   | Found a staircase to the Swamp.
 16202 | Lair:3   | Reached skill level 5 in Dodging
 16884 | Lair:4   | Reached skill level 13 in Armour
 17585 | Lair:4   | Identified the +4 ring mail of Joy {*Slow Dex+7}
 17729 | Lair:4   | Gained mutation: Your large and strong wings let you fly.
                  | [Gargoyle growth]
 17729 | Lair:4   | Reached XP level 14. HP: 46/90 MP: 14/14
 18303 | Lair:5   | Found a staircase to the Slime Pits.
 18318 | Lair:5   | Found a viscous altar of Jiyva.
 19123 | Lair:6   | Entered Level 6 of the Lair of Beasts
 20375 | Lair:6   | Reached skill level 14 in Armour
 20885 | Lair:6   | Found a large runed translucent door.
 20885 | Lair:6   | Found a large runed translucent door.
 21286 | Lair:6   | Reached XP level 15. HP: 90/97 MP: 15/15
 22465 | Orc:2    | Entered Level 2 of the Orcish Mines
 22655 | Orc:2    | Found Wygeawn's Overcharged Wands.
 22667 | Orc:2    | Paralysed by an orc sorcerer for 5 turns
 22691 | Orc:2    | Noticed Maurice
 22713 | Orc:2    | Killed Maurice
 23720 | Orc:2    | Found a shimmering altar of Xom.
 24435 | Orc:2    | Found a staircase to the Elven Halls.
 24573 | Orc:2    | Gained mutation: You are clumsy. (Dex -2) [potion of
                  | mutation]
 25440 | Orc:1    | You are sucked into a shaft and drop 1 floor!
 26837 | Orc:2    | Found Zunnopem's Jewellery Boutique.
 26840 | Orc:2    | Found Osoe's Assorted Antiques.
 26841 | Orc:2    | Found Uvoyles's Assorted Antiques.
 26842 | Orc:2    | Found Jiotiyb's Book Shop.
 26846 | Orc:2    | Bought a scroll of identify for 50 gold pieces
 26846 | Orc:2    | Bought a scroll labelled DANOACLONK for 25 gold pieces
 26853 | Orc:2    | Reached XP level 16. HP: 104/104 MP: 16/16
 26856 | Orc:2    | Bought a potion of curing for 75 gold pieces
 26856 | Orc:2    | Bought a potion of haste for 250 gold pieces
 26857 | Orc:2    | Bought a scroll of enchant weapon for 255 gold pieces
 26857 | Orc:2    | Bought a scroll of teleportation for 102 gold pieces
 26857 | Orc:2    | Bought a potion of heal wounds for 170 gold pieces
 26857 | Orc:2    | Bought a fizzy brown potion for 30 gold pieces
 27240 | D:13     | Reached skill level 15 in Armour
 27329 | D:13     | Found Lorch's Distillery.
 27338 | D:13     | Bought a potion of might for 68 gold pieces
 27338 | D:13     | Bought a potion of haste for 170 gold pieces
 27338 | D:13     | Bought a potion of might for 68 gold pieces
 27338 | D:13     | Bought a potion of berserk rage for 85 gold pieces
 27574 | D:13     | Reached skill level 15 in Maces & Flails
 27608 | D:13     | Found a gate to the Vaults.
 28287 | D:14     | Found Leaf Ase's Armour Shop.
 28289 | D:14     | You are sucked into a shaft and drop 1 floor!
 28289 | D:15     | Entered Level 15 of the Dungeon
 28425 | D:14     | Identified the +1 robe "Ikajydwo" {rElec rPois rF++}
 28482 | D:14     | Reached XP level 17. HP: 88/111 MP: 17/17
 28626 | D:14     | Identified the ring of Nuic {Wiz rElec rPois Int+6}
 28692 | D:14     | Got Sif Muna's Almanac of the Mutagenic Birds
 28843 | D:14     | Bought +0 gold dragon scales for 880 gold pieces
 29806 | D:15     | Found a staircase to the Depths.
 30045 | D:15     | Identified the +10 falchion of the Moth {pain, Fragile
                  | rPois Str+2}
 30413 | D:15     | Found a shimmering blue altar of Sif Muna.
 30951 | Elf:1    | Entered Level 1 of the Elven Halls
 31105 | Elf:1    | Reached skill level 16 in Armour
 31293 | Elf:1    | Paralysed by an air elemental for 1 turns
 31344 | Elf:1    | Cast into level 2 of the Abyss (+0 glaive of distortion)
 31571 | Abyss:2  | Found a corrupted altar of Lugonu.
 31667 | Abyss:2  | Slain by a balrug

Illustrated notes

Levels and vault maps discovered:
D:1:      ebering_trefoil_3fold, layout_loops_corners, skrybe_limestone_x,
          nrook_campfire, minmay_hexomino_u4
D:2:      layout_basic, serial_shops, shop_statue, basic_altar
D:3:      layout_rooms
D:4:      layout_basic, old_standard_altar, nicolae_hepliaklqana_hazy_memory,
          minmay_temple_entry_statues, uniq_natasha, uniq_ijyb
D:5:      layout_basic, gammafunk_ghost_icy, portal_sewer_entry_b,
          kennysheep_decorative_pillar, guppyfry_shop_venom, uniq_pikel,
          uniq_blork_the_orc
D:6:      layout_cave_pods
D:7:      layout_gridville
D:8:      layout_basic, nicolae_ru_awakened_eye, erik_lair_island,
          nicolae_ossuary_entry_plus
D:9:      layout_long_grid, pdpol_temple_overflow_zin_treasury_gozag_greed,
          mainiacjoe_overflow_catwalk_spiral, minmay_checkerbox
D:10:     minmay_stone_box, layout_rooms, ebering_ghost_funeral_grove,
          hangedman_ranch, uniq_joseph
D:11:     layout_cave_pods, erik_orc_4, uniq_sonja
D:12:     minmay_diamond_stairs, layout_loops_ring, serial_co_window_serial,
          co_window_corner_a, co_window_paths_b, co_window_paths_a,
          co_window_paths_a, co_window_paths_a, co_window_paths_a,
          co_window_of_opportunity_a, co_window_of_opportunity_a,
          co_window_corner_a, co_window_broadway_a, co_window_of_opportunity_b,
          co_window_corner_b, co_window_paths_c, co_window_of_opportunity_b,
          glass_columns_b, glass_columns_c, glass_columns_a,
          chequers_serial_rivers_small_3, nicolae_gozag_zags_fifth_avenue
D:13:     layout_irregular_city, skrybe_vaults_entry_preservation, serial_shops,
          shop
D:14:     minmay_stepped, layout_basic, serial_shops, nicolae_shop_waterfront,
          serial_park_tiny_2
D:15:     hangedman_depths_entry_civil_slaughter, layout_gridville,
          lemuel_blue_sif_altar, small_chamber_with_monster
Temple:   regret_index_temple_waves
Lair:1:   layout_cave_pods, grunt_megastairs_5, uniq_nergalle
Lair:2:   layout_chaotic_city, nicolae_spider_entry_non_spiders,
          beast_lair_carwin_4, serial_bayou_shore_b, lemuel_fruit_tree
Lair:3:   layout_roguey, minmay_swamp_entry_reptiles, serial_bayou_shore_b,
          serial_bayou_shore_a
Lair:4:   beast_lair_carwin_large_2, layout_regular_city,
          kennysheep_catoblepas_arena
Lair:5:   layout_roguey, slime_altar_1, cheibrodos_lair_lostbears
Lair:6:   cheibrodos_lair_end_hotspot, layout_cave_pods
Orc:1:    layout_diamond_mine
Orc:2:    st_orc_pillars, layout_diamond_mine, basic_altar,
          nicolae_shop_overcharged_wands, uniq_maurice
Elf:1:    layout_gridlike, kennysheep_underground_church
Abyss:2:  base: D:15, evilmike_abyss_exit_15, minivault_4,
          evilmike_abyss_exit_plants

Skill      XL: |  1  2  3  4  5  6  7  8  9 10 11 12 13 14 15 16 17 |
---------------+----------------------------------------------------+-----
Armour         | 4 5 6 8 10 11 12 13 14 15 16 | 16.0
Maces & Flails | 3 4 5 7 8 10 11 12 13 14 15 | 15.7
Fighting       | 4 5 6 7 8 10 11 12 13 14 | 14.7
Shields        | 4 5 6 7 8 9 11 12 13 | 13.5
Dodging        | 1 2 3 4 5 6 |  6.4
Unarmed Combat | 1 |  1.4
Stealth        | 1 2 5 6 7 |  7.5
Evocations     | 1 2 3 |  3.3
Short Blades   | |  0.8
Long Blades    | |  0.8
Axes           | |  0.4
Polearms       | |  0.4
Staves         | |  0.6
Slings         | |  0.4
Bows           | |  0.5
Crossbows      | |  0.5
Throwing       | |  0.4
Spellcasting   | |  0.4
Conjurations   | |  0.6
Hexes          | |  0.4
Summonings     | |  0.8
Necromancy     | |  0.6
Translocations | |  0.4
Transmutations | |  0.3
Fire Magic     | |  0.5
Ice Magic      | |  0.5
Air Magic      | |  0.3
Earth Magic    | |  0.7
Poison Magic   | |  0.5
Invocations    | |  0.6

Action                   |  1- 3 |  4- 6 |  7- 9 | 10-12 | 13-15 | 16-18 || total
-------------------------+-------+-------+-------+-------+-------+-------++-------
Melee: Flail             |   172 |   135 |    17 |       |       |       ||   324
       Unarmed           |       |    14 |       |       |       |       ||    14
       Whip              |       |       |   506 |  1820 |  4204 |       ||  6530
       Great mace        |       |       |       |       |   127 |   102 ||   229
       Dire flail        |       |       |       |       |       |   500 ||   500
Throw: Throwing net      |       |       |       |       |     3 |       ||     3
Invok: Potion Petition   |       |       |       |     1 |       |     1 ||     2
Evoke: Wand              |       |       |     3 |    16 |    32 |    12 ||    63
       Lightning rod     |       |       |       |     5 |    11 |       ||    16
  Use: Scroll            |       |     2 |     1 |     8 |    15 |     3 ||    29
       Potion            |       |       |     2 |     8 |    14 |     7 ||    31
 Stab: Distracted        |       |       |       |     7 |    12 |     3 ||    22
       Paralysed         |       |       |       |    22 |       |       ||    22
       Petrified         |       |       |       |       |     2 |       ||     2
       Petrifying        |       |       |       |       |     1 |       ||     1
       Invisible         |       |       |       |       |    21 |       ||    21
       Held in net/web   |       |       |       |       |     4 |       ||     4
Armor: Scale mail        |     7 |       |       |       |       |       ||     7
       Chain mail        |   126 |   120 |   291 |   688 |  1784 |   211 ||  3220
       Skin              |       |     9 |       |       |     2 |       ||    11
       Gold dragon scale |       |       |       |       |       |   341 ||   341
Dodge: Dodged            |    82 |    90 |   153 |   472 |  1406 |   314 ||  2517
Block: Buckler           |    46 |    40 |   104 |   337 |  1057 |       ||  1584
